 Dungeon Crawl Stone Soup version 0.21.0-3-g78d12a8bdd (webtiles) character file.

10297 littlejohnii the Basher (level 11, -1/100 HPs)
             Began as a Minotaur Fighter on Jan 14, 2018.
             Was a High Priest of Okawaru.
             Slain by Snorg (11 damage)
             ... on level 10 of the Dungeon.
             The game lasted 02:09:00 (10000 turns).

littlejohnii the Basher (Minotaur Fighter)         Turns: 10000, Time: 02:09:01

Health: -1/100     AC: 17    Str: 23    XL:     11   Next: 34%
Magic:  10/10      EV:  7    Int:  5    God:    Okawaru [*****.]
Gold:   613        SH: 12    Dex:  9    Spells: 10/10 levels left

rFire    + . .     SeeInvis .   B - +3 flail (crush)
rCold    + + +     Gourm    +   c - +0 shield
rNeg     . . .     Faith    .   b - +0 storm dragon scales
rPois    .         Spirit   .   (helmet restricted)
rElec    +         Reflect  .   g - scarf {cloud immunity}
rCorr    .         Harm     .   (no gloves)
MR       .....                  N - +1 pair of boots of the World {rElec rC+++ Dex-2}
Stlth    ..........             K - amulet of the gourmand
HPRegen  0.26/turn              D - ring of protection from fire
MPRegen  0.12/turn              (no ring)

@: no status effects
A: retaliatory headbutt, horns 2
a: Heroism, Finesse, Renounce Religion


You were on level 10 of the Dungeon.
You worshipped Okawaru.
Okawaru was extremely pleased with you.
You were completely stuffed.

You visited 2 branches of the dungeon, and saw 11 of its levels.

You collected 652 gold pieces.
You spent 39 gold pieces at shops.

Inventory:

Hand Weapons
 B - a +3 flail of crushing (weapon)
 C - a +2 shortbow of velocity
 L - a +4 dire flail of freezing
Missiles
 e - a throwing net (quivered)
 l - 7 javelins
 z - 29 tomahawks
Armour
 b - +0 storm dragon scales (worn)
 c - a +0 shield (worn)
 g - a scarf of cloud immunity (worn)
 N - the +1 pair of boots of the World (worn) {rElec rC+++ Dex-2}
   (Okawaru gifted it to you on level 10 of the Dungeon)

   It affects your dexterity (-2).
   It renders you almost immune to cold.
   It insulates you from electricity.
Jewellery
 D - a ring of protection from fire (left hand)
 K - an amulet of the gourmand (around neck)
Wands
 w - a wand of disintegration (39)
 x - a wand of iceblast (27)
 M - a wand of acid (8)
Scrolls
 a - 2 scrolls of remove curse
 h - 2 scrolls of amnesia
 i - 3 scrolls of teleportation
 r - 2 scrolls of fear
 s - 5 scrolls of identify
 t - 2 scrolls of immolation
 y - 3 scrolls of magic mapping
 A - a scroll of vulnerability
 E - 2 scrolls of noise {unknown}
 F - a scroll of enchant weapon
 I - a scroll of fog
 J - a scroll of acquirement {unknown}
Potions
 d - 3 potions of might
 j - 2 potions of degeneration {unknown}
 k - 4 potions of curing
 m - 2 potions of heal wounds {unknown}
 n - 2 potions of brilliance {unknown}
 o - a potion of flight {unknown}
 p - a potion of agility {unknown}
 q - 2 potions of lignification
 u - 4 potions of mutation {unknown}
 v - a potion of resistance
 G - a potion of berserk rage
Books
 H - a book of Transfigurations

   Spells                             Type                      Level
   a - Irradiate                      Conjuration/Transmutation    5
   b - Statue Form                    Transmutation/Earth          6
   c - Hydra Form                     Transmutation                6
   d - Dragon Form                    Transmutation                7
Comestibles
 f - 18 rations
 O - 5 chunks of flesh


   Skills:
 + Level 10.2 Fighting
 * Level 13.3 Maces & Flails
 + Level 10.3 Armour
 + Level 10.3 Shields


You had 10 spell levels left.
You didn't know any spells.

Dungeon Overview and Level Annotations

Branches:
Dungeon (10/15)            Temple (1/1) D:4            Lair (0/6) D:10
    Orc (0/2) D:10

Altars:
Ashenzari
Cheibriados
Dithmenos
Elyvilon
Fedhas
Gozag
Hepliaklqana
Kikubaaqudgha
Makhleb
Nemelex Xobeh
Okawaru
Qazlal
Ru
Sif Muna
Trog
Uskayaw
Vehumet
Wu Jian
Xom
Yredelemnul
Zin
The Shining One

Shops:
D:7 ?   D:9 *

Annotations:
D:10 Snorg


Innate Abilities, Weirdness & Mutations

You reflexively headbutt those who attack you in melee.
You have a pair of horns on your head.


Message History

Snorg closely misses you. Snorg claws you. Snorg claws you but does no damage.
Snorg barely misses you. You block Snorg's attack.
Snorg claws you but does no damage.
There is an open door here.
Things that are here:
a giant club; an ogre corpse Snorg bites you but does no damage.
Snorg claws you but does no damage. You block Snorg's attack.
You see here a pair of boots.
You block Snorg's attack. x3
Snorg barely misses you. Snorg closely misses you. Snorg claws you.
Snorg bites you!
* * * LOW HITPOINT WARNING * * *
Snorg claws you.
* * * LOW HITPOINT WARNING * * *
You block Snorg's attack.
You sock Snorg!
Snorg is almost dead.
You block Snorg's attack. Snorg claws you but does no damage. Snorg claws you!
You die...

......### #..(.....###.......# #
......# #........# #.......# #
......# #........# #.......#
'###### ########## ###.### ..#
.# #.### ###'##### ....#
####........ ....#
############.[)........
....######......@T....##........
....##(....#############........
.......##### #........ ....####
#........ ....# #........ ....#
#........ ....# #........ ....#
#........ #####


You could see Snorg (berserk).

Vanquished Creatures
  4 two-headed ogres
  The ghost of Fv001 the Geomancer, a novice GrEE of Cheibriados (D:8)
  Maurice (D:8)
  A gargoyle (D:10)
  A queen bee (D:8)
  A troll (D:9)
  Prince Ribbit (D:6)
  A hippogriff (D:8)
  5 yaks
  A water moccasin (D:10)
  Duvessa (D:7)
  3 ice beasts
  An orc warrior (D:6)
  2 sky beasts
  A necrophage (D:9)
  2 black bears
  A phantom (D:8)
  3 ogres
  4 centaurs
  A big kobold (D:10)
  4 bullfrogs
  A wyvern zombie (D:6)
  Dowan (D:7)
  A water moccasin zombie (D:8)
  4 scorpions
  A water moccasin skeleton (D:5)
  15 killer bees (D:8)
  10 wights
  3 howler monkeys
  3 crimson imps
  A bullfrog zombie (D:6)
  3 quasits
  5 hounds
  8 orc wizards
  3 orc priests
  Crazy Yiuf (D:7)
  2 jellies (D:8)
  A bullfrog skeleton (D:10)
  A centaur skeleton (D:3)
  A gnoll shaman (D:6)
  2 iguanas
  Jessica (D:2)
  4 worker ants
  2 hound skeletons
  A hound zombie (D:5)
  A howler monkey zombie (D:9)
  A worker ant zombie (D:8)
  8 gnolls
  A howler monkey skeleton (D:7)
  9 adders
  5 shadow imps
  An ooze (D:6)
  An adder zombie (D:8)
  2 dart slugs (D:1)
  5 leopard geckos
  42 orcs
  6 giant cockroaches
  2 goblins
  4 hobgoblins
  13 jackals
  4 quokkas
  2 ball pythons
  11 bats
  3 frilled lizards
  13 kobolds
  5 rats
254 creatures vanquished.

Notes
Turn   | Place    | Note
-------+----------+-------------------------------------------
     0 | D:1      | littlejohnii the Minotaur Fighter began the quest for the Orb.
     0 | D:1      | Reached XP level 1. HP: 19/19 MP: 0/0
    72 | D:1      | Reached XP level 2. HP: 27/27 MP: 1/1
   231 | D:1      | Reached skill level 3 in Maces & Flails
   647 | D:2      | Noticed Jessica
   655 | D:2      | Reached XP level 3. HP: 29/33 MP: 2/2
   803 | D:2      | Killed Jessica
  1442 | D:3      | Reached XP level 4. HP: 40/40 MP: 3/3
  1539 | D:3      | Reached skill level 4 in Maces & Flails
  2028 | D:3      | Reached XP level 5. HP: 47/47 MP: 4/4
  2203 | D:3      | Reached skill level 5 in Maces & Flails
  2604 | D:4      | Reached XP level 6. HP: 50/55 MP: 5/5
  2612 | D:4      | Reached skill level 5 in Armour
  2715 | D:4      | Reached skill level 5 in Shields
  2722 | D:4      | Reached skill level 5 in Fighting
  3011 | D:4      | Reached skill level 6 in Maces & Flails
  3138 | D:4      | Found a staircase to the Ecumenical Temple.
  3237 | Temple   | Entered the Ecumenical Temple
  3487 | Temple   | Became a worshipper of Warmaster Okawaru
  3578 | D:5      | Entered Level 5 of the Dungeon
  3582 | D:5      | Reached XP level 7. HP: 61/61 MP: 6/6
  3697 | D:5      | Noticed Prince Ribbit
  3723 | D:5      | Found a sparkling altar of Nemelex Xobeh.
  4613 | D:6      | Reached skill level 7 in Maces & Flails
  5038 | D:6      | Reached XP level 8. HP: 70/70 MP: 7/7
  5128 | D:6      | Reached * piety under Okawaru
  5167 | D:6      | Found a sparkling altar of Nemelex Xobeh.
  5176 | D:6      | Killed Prince Ribbit
  5176 | D:6      | Reached skill level 8 in Maces & Flails
  5545 | D:7      | Noticed Duvessa
  5545 | D:7      | Noticed Dowan
  5553 | D:7      | Killed Duvessa
  5556 | D:7      | Killed Dowan
  5859 | D:7      | Found a runed door.
  5863 | D:7      | Noticed Crazy Yiuf
  5869 | D:7      | Killed Crazy Yiuf
  5898 | D:7      | Found Huisadai's Magic Scroll Shoppe.
  5908 | D:7      | Reached skill level 9 in Maces & Flails
  5916 | D:7      | Bought a scroll of teleportation for 39 gold pieces
  6123 | D:7      | Reached ** piety under Okawaru
  6212 | D:7      | Reached XP level 9. HP: 67/79 MP: 8/8
  6402 | D:8      | Noticed a two-headed ogre
  6417 | D:7      | Killed a two-headed ogre
  6468 | D:8      | Noticed Fv001's ghost (novice GrEE)
  6479 | D:8      | Reached skill level 10 in Maces & Flails
  6500 | D:8      | Killed Fv001's ghost
  6500 | D:8      | Reached *** piety under Okawaru
  6920 | D:8      | Reached skill level 11 in Maces & Flails
  6944 | D:8      | Reached XP level 10. HP: 67/90 MP: 9/9
  7284 | D:8      | Reached **** piety under Okawaru
  7285 | D:8      | Noticed Maurice
  7855 | D:8      | Killed Maurice
  7855 | D:8      | Reached ***** piety under Okawaru
  7855 | D:8      | Reached skill level 12 in Maces & Flails
  8004 | D:8      | Noticed a two-headed ogre
  8013 | D:8      | Killed a two-headed ogre
  8118 | D:8      | Noticed a two-headed ogre
  8127 | D:8      | Killed a two-headed ogre
  8624 | D:9      | Reached XP level 11. HP: 88/99 MP: 10/10
  8851 | D:9      | Found Abbuf's General Store.
  9175 | D:9      | Found a blossoming altar of Fedhas.
  9180 | D:9      | Found a sparkling altar of Nemelex Xobeh.
  9180 | D:9      | Found a shimmering altar of Xom.
  9181 | D:9      | Found a radiant altar of Vehumet.
  9312 | D:10     | Entered Level 10 of the Dungeon
  9324 | D:9      | Reached skill level 10 in Shields
  9344 | D:10     | Reached skill level 10 in Armour
  9567 | D:10     | Noticed a two-headed ogre
  9574 | D:10     | Killed a two-headed ogre
  9574 | D:10     | Reached skill level 10 in Fighting
  9574 | D:10     | Reached skill level 13 in Maces & Flails
  9702 | D:10     | Found a staircase to the Lair.
  9744 | D:10     | Found a staircase to the Orcish Mines.
  9758 | D:10     | Received a gift from Okawaru
  9761 | D:10     | Got a pair of jewelled boots {god gift}
  9772 | D:10     | Identified the +1 pair of boots of the World {rElec rC+++ Dex-2} (Okawaru gifted it to you on level 10 of the Dungeon)
  9973 | D:10     | Noticed Snorg
 10000 | D:10     | Slain by Snorg

Skill      XL: |  1  2  3  4  5  6  7  8  9 10 11 |
---------------+----------------------------------+-----
Maces & Flails | 3 4 5 6 7 9 11 12 13 | 13.3
Armour         | 4 5 6 7 8 9 10 | 10.3
Shields        | 4 5 6 7 8 9 10 | 10.3
Fighting       | 4 5 6 7 8 9 10 | 10.2

Action                   |  1- 3 |  4- 6 |  7- 9 | 10-12 || total
-------------------------+-------+-------+-------+-------++-------
Melee: Flail             |    93 |   146 |   316 |   300 ||   855
       Headbutt          |    16 |    20 |    57 |    65 ||   158
Throw: Stone             |    10 |       |       |       ||    10
Evoke: Wand              |       |       |     2 |       ||     2
  Use: Scroll            |       |     8 |       |     5 ||    13
       Potion            |       |       |     3 |       ||     3
  Eat: Chunk             |     1 |     7 |     8 |    22 ||    38
       Ration            |       |       |     1 |       ||     1
Armor: Scale mail        |    36 |    37 |     4 |       ||    77
       Storm dragon scal |       |       |   124 |   104 ||   228
       Chain mail        |       |       |     9 |       ||     9
       Skin              |       |       |     5 |       ||     5
Dodge: Dodged            |    26 |    40 |    65 |    61 ||   192
Block: Shield            |    33 |    69 |   125 |   148 ||   375
